 Dungeon Crawl Stone Soup version 0.32-a0-913-g739538afd8 (webtiles) character file.

Game seed: 16451930282442781711

257 Biggs the Shooter (level 6, -6/43 (44) HPs)
             Began as a Coglin Hunter on Apr 7, 2024.
             Mangled by an iguana (12 damage)
             ... on level 4 of the Dungeon.
             The game lasted 00:03:51 (2238 turns).

Biggs the Shooter (Coglin Hunter)                   Turns: 2238, Time: 00:03:52

HP:   -6/43 (44)    AC:  4    Str: 12    XL:     6   Next: 16%
MP:   6/6           EV: 11    Int:  8    God:
Gold: 32            SH:  0    Dex: 19    Spells: 5/5 levels left

rFire   . . .        a - +2 sling {Doyun}
rCold   . . .        d - +0 sling {Albrecht}
rNeg    . . .        c - +0 leather armour
rPois   .            (no helmet)
rElec   .            j - +0 cloak
rCorr   .            (no gloves)
SInv    .            (no boots)
Will    .....        (amulet unavailable)
Stlth   ++           (ring unavailable)
HPRegen 0.27/turn    (ring unavailable)
MPRegen 0.10/turn    (no gizmo)

%: no passive effects
@: lightly drained, revved
A: off-hand wielding, slow wielding, warmup strikes, no jewellery
a: Invent Gizmo


You were on level 4 of the Dungeon.
You visited 1 branch of the dungeon, and saw 4 of its levels.

You collected 32 gold pieces.

Inventory:

Hand Weapons
 a - a +2 sling (weapon) {Doyun}
 d - a +0 sling (offhand) {Albrecht}
Armour
 c - a +0 leather armour (worn)
 j - a +0 cloak (worn)
Scrolls
 b - a scroll of butterflies
 f - a scroll of amnesia {unknown}
 g - 5 scrolls of identify {unknown}
 l - a scroll of vulnerability {unknown}
 m - 2 scrolls of blinking {unknown}
 o - a scroll of teleportation {unknown}
Potions
 e - 2 potions of mutation {unknown}
 h - a potion of brilliance {unknown}
 i - a potion of might {unknown}
 k - a potion of degeneration {unknown}
 n - a potion of haste {unknown}


   Skills:
 - Level 2.0 Fighting
 + Level 6.6 Ranged Weapons
 - Level 1.7 Dodging
 - Level 0.7 Stealth


You had 5 spell levels left.
You didn't know any spells.
Your spell library contained the following spells:

 Spells                   Type           Power      Damage    Failure   Level
 Necrotise                Necr           0%         1d4       50%         1
 Vampiric Draining        Necr           0%         2d6       86%         3
 Martyr's Knell           Necr/Summ      0%         N/A       99%         4
 Curse of Agony           Necr           0%         N/A       100%        5


Dungeon Overview and Level Annotations

Branches:
Dungeon (4/15)
 Temple: D:4-7

Altars:
Makhleb

Shops:
D:3 :


Innate Abilities, Weirdness & Mutations

You can wield a second weapon in your off-hand.
It takes a long time for you to wield or remove held weapons.
Your first few attacks do less damage.
You cannot equip rings or amulets.


Message History

The ball python grabs you. The ball python constricts you.
You shoot a sling bullet. The sling bullet hits the ball python!
You kill the ball python!
You shoot a sling bullet. The iguana completely misses you.
Unknown command.
You shoot a sling bullet.
The sling bullet closely misses the iguana.
You shoot a sling bullet. The sling bullet hits the iguana.
The iguana is heavily wounded.
The iguana bites you!
* * * LOW HITPOINT WARNING * * *
You are too injured to fight recklessly!
Unknown command.
You are too injured to fight recklessly!
You are too injured to fight recklessly!
Unknown command.
You shoot a sling bullet.
The sling bullet hits the iguana but does no damage.
The iguana is heavily wounded.
You shoot a sling bullet.
The sling bullet hits the iguana but does no damage.
The iguana is heavily wounded.
The iguana hisses menacingly.
The iguana bites you!
* * * LOW HITPOINT WARNING * * *
Unknown command.
You shoot a sling bullet.
The sling bullet hits the iguana but does no damage.
The iguana is heavily wounded.
You shoot a sling bullet.
The sling bullet barely misses the iguana.
The iguana closely misses you.
Unknown command.
You shoot a sling bullet. The sling bullet hits the iguana.
The iguana is heavily wounded.
You shoot a sling bullet.
The sling bullet hits the iguana but does no damage.
The iguana is heavily wounded.
The iguana bites you!
You die...

#########
#.......#
........## ##
#......... ..
#<........
#.#.......[.
.####..†.[.####
.......@.......
#####.#l#..#.##
# ... .# .....
# .......
..:.....#
..........
...#....#.##


You could see an iguana.

Vanquished Creatures
  A bombardier beetle (D:3)
  An iron imp (D:3)
  Natasha (D:3)
  2 hound skeletons (D:3)
  3 gnolls (D:3)
  4 adders (D:3)
  A spectral adder (D:3)
  2 adder zombies (D:3)
  3 ribbon worms (D:2)
  3 dart slugs
  An orc (D:3)
  3 endoplasms (D:1)
  3 giant cockroaches (D:1)
  4 goblins
  4 hobgoblins
  8 jackals (D:1)
  A quokka (D:2)
  7 ball pythons
  A ball python skeleton (D:3)
  5 bats
  2 frilled lizards
  2 kobolds (D:1)
  3 rats
65 creatures vanquished.

Notes
Turn   | Place    | Note
-------+----------+-------------------------------------------
     0 | D:1      | Biggs the Coglin Hunter began the quest for the Orb.
     0 | D:1      | Reached XP level 1. HP: 16/16 MP: 1/1
   129 | D:1      | Reached skill level 4 in Ranged Weapons
   129 | D:1      | Reached XP level 2. HP: 22/22 MP: 2/2
   259 | D:1      | Reached XP level 3. HP: 25/27 MP: 3/3
  1296 | D:3      | Reached skill level 5 in Ranged Weapons
  1296 | D:3      | Reached XP level 4. HP: 33/33 MP: 4/4
  1536 | D:3      | Found Moyhi's Book Shoppe.
  1632 | D:3      | Reached XP level 5. HP: 38/38 MP: 5/5
  1781 | D:3      | Reached skill level 6 in Ranged Weapons
  1796 | D:3      | Found a burning altar of Makhleb.
  1954 | D:3      | Noticed Natasha
  1963 | D:3      | Killed Natasha
  1971 | D:3      | Reached XP level 6. HP: 22/44 MP: 6/6
  2081 | D:3      | Identified the +8 dagger of Tuneoc {pain, Dex+2 Stlth+}
  2238 | D:4      | Mangled by an iguana

Illustrated notes

Levels and vault maps discovered:
D:1:      dpeg_arrival_boxes_within_box, layout_basic, nicolae_titane
D:2:      layout_basic
D:3:      layout_basic, demons_altar, serial_shops, shop,
          dilly_guarded_unrand_morg
D:4:      layout_loops_ring, mainiacjoe_overflow_cross_hatched,
          hangedman_decor_slide_cut, uniq_robin

Skill      XL: |  1  2  3  4  5 |
---------------+----------------+-----
Ranged Weapons | 4 5 6 |  6.6
Fighting       | |  2.0
Dodging        | |  1.7
Stealth        | |  0.7

Action                     |  1- 3 |  4- 6 || total
---------------------------+-------+-------++-------
   Fire: Sling             |   146 |   166 ||   312
 Armour: Leather armour    |    10 |    50 ||    60
  Dodge: Dodged            |     8 |    54 ||    62

Table legend: (Time is in decaauts)
 A = Elapsed time spent in this place.
 B = Non-inter-level travel time spent in this place.
 C = Inter-level travel time spent in this place.
 D = Time resting spent in this place.
 E = Time spent auto-exploring this place.
 F = Levels seen in this place.
 G = Mean time per level.
                   A        B        C        D        E       F      G
               +--------+--------+--------+--------+--------+-----+--------+
         Total |   2265 |   2196 |     69 |     95 |   1798 |   4 |  566.2 |
       Dungeon |   2265 |   2196 |     69 |     95 |   1798 |   4 |  566.2 |
               +--------+--------+--------+--------+--------+-----+--------+

Top non-repeatable levels by time:
     D:3: 969 daAuts
     D:1: 912 daAuts
     D:2: 374 daAuts
     D:4: 9 daAuts
